 Dungeon Crawl Stone Soup version 0.30-a0-799-g109b55a442 (webtiles) character file.

Game seed: 6525074416673166715

110929 ryw the Skirmisher (level 16, -8/116 HPs)
             Began as a Demonspawn Monk on Feb 20, 2023.
             Was the Champion of Hepliaklqana.
             Mangled by an emperor scorpion (22 damage)
             ... on level 1 of the Spider Nest.
             The game lasted 01:06:56 (28700 turns).

ryw the Skirmisher (Demonspawn Monk)               Turns: 28700, Time: 01:06:56

Health: -8/116     AC:  0    Str: 19    XL:     16   Next: 8%
Magic:  23/23      EV: 17    Int: 12    God:    Hepliaklqana [******]
Gold:   600        SH:  0    Dex: 16    Spells: 21/25 levels left

rFire   . . .      SeeInvis .      - Unarmed
rCold   . . .      Faith    .    (shield currently unavailable)
rNeg    . . .      Spirit   .    (body armour currently unavailable)
rPois   .          Reflect  +    (helmet currently unavailable)
rElec   .          Harm     .    (cloak currently unavailable)
rCorr   .          Rampage  .    (gloves currently unavailable)
Will    +....                    (boots currently unavailable)
Stlth   +                        B - amulet of reflection
HPRegen 0.39/turn                (ring currently unavailable)
MPRegen 0.18/turn                (ring currently unavailable)

@: confused, pig-form, very quick
A: fast, no casting, reduced essence, small, (horns 2), (slimy green scales 2),
demonic guardian 2, demonic magic 3
a: Renounce Religion, Recall Ancestor, Ancestor Identity, Transference, Idealise


You were on level 1 of the Spider Nest.
You worshipped Hepliaklqana.
Hepliaklqana was exalted by your worship.
You were a filthy swine.
You visited 5 branches of the dungeon, and saw 24 of its levels.
You visited the Abyss 1 time.
You also visited: Ice Cave.

You collected 2457 gold pieces.
You spent 1857 gold pieces at shops.

Inventory:

Hand Weapons
 a - the +7 mace of Qibleoma {chaos, MP+9}
   (You found it on level 6 of the Dungeon)

   MP:        It affects your magic capacity (+9).
 b - the +9 sling of Lust (melded) {speed, rElec rF+ Dex+2}
   (You took it off a centaur warrior on level 8 of the Dungeon)

   Dex:       It affects your dexterity (+2).
   rF:        It protects you from fire.
   rElec:     It insulates you from electricity.
 M - the +27 heavy crossbow "Sniper" {heavy, Acc+∞ SInv}
   (You took it off an orc on level 8 of the Dungeon)

   Acc+∞: It never misses its target.
   SInv:      It lets you see invisible.
Missiles
 i - a throwing net (quivered)
Armour
 e - the +1 pair of boots "Igoifala" (melded) {Dex+3}
   (You bought it in a shop on level 15 of the Dungeon)

   Dex:       It affects your dexterity (+3).
 y - a +2 hat (melded)
 z - a +2 cloak of stealth (melded)
 E - a +5 kite shield of cold resistance (melded)
 I - the +8 chain mail "Tiepi" (melded) {rN++ Regen+ Str+3 SInv}
   (You found it on level 13 of the Dungeon)

   Str:       It affects your strength (+3).
   rN:        It greatly protects you from negative energy.
   SInv:      It lets you see invisible.
   Regen:     It increases your rate of health regeneration.
 L - the +3 pair of gloves of Gicokogg (melded) {Str+4 Dex+4 Slay+2}
   (You bought it in a shop on level 4 of the Dungeon)

   Str:       It affects your strength (+4).
   Dex:       It affects your dexterity (+4).
   Slay:      It affects your accuracy & damage with ranged weapons and melee
   (+2).
Jewellery
 c - a ring of protection from fire
 h - a ring of poison resistance (melded)
 o - a ring of positive energy
 p - a ring of fire
 r - a ring of wizardry
 v - a +5 ring of evasion (melded)
 B - an amulet of reflection (around neck)
 D - a ring of willpower
 F - an amulet of the acrobat
 R - a +6 ring of intelligence
 U - a ring of see invisible
 W - a ring of flight
Wands
 m - a wand of iceblast (21)
 n - a wand of digging (14)
 G - a wand of polymorph (21)
 T - a wand of quicksilver (17)
 V - a wand of charming (4)
Scrolls
 g - 3 scrolls of blinking
 j - 2 scrolls of magic mapping
 s - 4 scrolls of fog
 w - 16 scrolls of teleportation
 C - 6 scrolls of identify
 K - 3 scrolls of fear
 X - 2 scrolls of poison
 Y - 4 scrolls of butterflies
 Z - 6 scrolls of amnesia
Potions
 k - a potion of magic
 l - a potion of resistance
 q - 4 potions of haste
 t - 14 potions of curing
 u - 3 potions of attraction
 x - 3 potions of brilliance
 A - 3 potions of ambrosia
 H - 8 potions of lignification
 J - 3 potions of flight
 N - a potion of cancellation
 O - 4 potions of degeneration
 P - 5 potions of heal wounds
 Q - a potion of might
 S - 4 potions of berserk rage
Miscellaneous
 d - a phial of floods
 f - a piece from Xom's chessboard (15/15)


   Skills:
 + Level 12.5 Fighting
 - Level 11.3 Maces & Flails
 + Level 13.0 Ranged Weapons
 * Level 10.0 Armour
 - Level 6.0 Dodging
 - Level 1.7 Stealth
 * Level 11.3 Shields
 - Level 2.6 Unarmed Combat
 - Level 5.0 Spellcasting
 - Level 8.0 Summonings


You had 21 spell levels left.
You knew the following spells:

 Your Spells              Type           Power      Damage    Failure   Level
a - Summon Small Mammal   Summ           88%        N/A       1%          1
b - Call Canine Familiar  Summ           22%        N/A       2%          3

Your spell library contained the following spells:

 Spells                   Type           Power      Damage    Failure   Level
 Apportation              Tloc           6%         N/A       21%         1
 Freeze                   Ice            12%        1d3       21%         1
 Kiss of Death            Conj/Necr      12%        2d6       21%         1
 Necrotise                Necr           12%        1d4       21%         1
 Sandblast                Erth           6%         2d5       21%         1
 Slow                     Hex            12%        N/A       21%         1
 Cigotuvi's Dreadful Rot  Necr/Pois/Air  6%         N/A       30%         2
 Ensorcelled Hibernation  Hex/Ice        6%         N/A       30%         2
 Passwall                 Tmut/Erth      2%         N/A       30%         2
 Poisonous Vapours        Pois/Air       6%         N/A       30%         2
 Summon Lightning Spire   Summ/Air       12%        N/A       36%         4
 Confusing Touch          Hex            3%         N/A       52%         3
 Frozen Ramparts          Ice            6%         1d1       52%         3
 Hailstorm                Conj/Ice       3%         3d3       52%         3
 Kindle Blastsparks       Fire/Tloc/Air  6%         2d10      52%         3
 Mephitic Cloud           Conj/Pois/Air  3%         N/A       52%         3
 Portal Projectile        Hex/Tloc       6%         N/A       52%         3
 Spider Form              Tmut/Pois      3%         N/A       52%         3
 Stone Arrow              Conj/Erth      6%         3d7       52%         3
 Vampiric Draining        Necr           3%         2d6       52%         3
 Airstrike                Air            1%         2d(1-17)  89%         4
 Anguish                  Hex/Necr       1%         N/A       89%         4
 Dispel Undead            Necr           3%         3d7       89%         4
 Fulminant Prism          Conj/Hex       1%         3d5       89%         4
 Iskenderun's Mystic Bla  Conj/Tloc      3%         2d3       89%         4
 Leda's Liquefaction      Hex/Erth       1%         N/A       89%         4
 Olgreb's Toxic Radiance  Pois           3%         N/A       89%         4
 Petrify                  Tmut/Erth      3%         N/A       89%         4
 Alistair's Intoxication  Tmut/Pois      2%         N/A       99%         5
 Lee's Rapid Deconstruct  Erth           1%         3d4*      99%         5
 Lightning Bolt           Conj/Air       1%         1d12      99%         5
 Metabolic Englaciation   Hex/Ice        1%         N/A       99%         5
 Death Channel            Necr           1%         N/A       100%        6
 Statue Form              Tmut/Erth      2%         N/A       100%        6
 Malign Gateway           Summ/Tloc      6%         N/A       100%        7
 Ignition                 Fire           1%         3d3       100%        8
 Summon Horrible Things   Summ           11%        N/A       100%        8


Dungeon Overview and Level Annotations

Branches:
Dungeon (15/15)            Temple (1/1) D:5            Lair (5/5) D:9
 Shoals (0/4) Lair:3       Spider (1/4) Lair:2        Slime (0/5) Lair:5
    Orc (2/2) D:11            Elf (0/3) Orc:2        Vaults (0/5) D:14
 Depths (0/4) D:15          IceCv (visited)

Altars:
Ashenzari
Cheibriados
Dithmenos
Fedhas
Gozag
Hepliaklqana
Kikubaaqudgha
Makhleb
Nemelex Xobeh
Okawaru
Qazlal
Ru
Sif Muna
Trog
Uskayaw
Vehumet
Wu Jian
Xom
Yredelemnul
Jiyva

Shops:
D:3 !*[   D:4 [   D:6 :   D:7 *   D:15 [   Orc:1 =   Orc:2 =[*(

Annotations:
D:15 1 runed translucent door, Notaij's ghost, journeyman DrEE
Spider:1 Kirke


Innate Abilities, Weirdness & Mutations

You are a filthy swine.
You move quickly.
Your equipment is almost entirely melded.
You are incapable of wielding weapons or throwing items.
You cannot cast spells.
Your life essence is reduced to manifest your ancestor. (-10% HP)
((You have a pair of horns on your head.))
((You are mostly covered in slimy green scales. (AC +3)))
A demonic guardian rushes to your aid.
Spells you cast and wands you use may paralyse nearby enemies.


Message History

The jumping spider pounces on the hog!!
The hog is caught in a web!
The jumping spider bites the hog.
The tarantella touches you!
The hog struggles to get unstuck from the web.
The tarantella touches you!
You are more confused.
You bump into the rock wall.
The hog struggles to get unstuck from the web.
Something bites Xochitl!
Xochitl points at the tarantella and mumbles some strange words.
The hog suddenly stops moving!
The tarantella closely misses you.
Kirke hits Xochitl!
The hog struggles to get unstuck from the web.
The tarantella attacks as you move away!
The tarantella completely misses you.
Something bites Xochitl.
The hog tears the web.
The tarantella completely misses you.
Something bites Xochitl.
A hog comes into view.
Xochitl hits the hog with a +0 dagger of draining.
Xochitl drains the hog.
The tarantella misses you. The tarantella touches you.
Kirke gestures wildly while chanting.
Kirke flickers and vanishes!
Deactivating autopickup; reactivate with Ctrl-A.
The tarantella closely misses you. The hog misses you.
The emperor scorpion completely misses you.
The emperor scorpion misses you. The emperor scorpion claws you!
* * * LOW HITPOINT WARNING * * *
The tarantella barely misses you. The tarantella completely misses you.
You're too confused to move!
The hog closely misses you.
You hear some strange, mumbled words.
Something summons a sphinx!
Something closely misses Xochitl.
The tarantella touches you!
* * * LOW HITPOINT WARNING * * *
A demonic guardian appears!
The hog bites you.
* * * LOW HITPOINT WARNING * * *
The emperor scorpion stings you!!
You die...

#.>h.)h..####.....#
h.#†..h.....###...#
..#..#..#..H....†##
.....s.○.###{h(#.=##
.........)..†h##...##
....#.#.#..†h†.R....#
##....#....##.#4.#..##
#..^.....#...s#hs.†.^##
# ..##.)...##..hh.....#
# ...#.......s#.†#.##
.. #....#.....^<.###
.#. .#......#.†...# .^
.. ...#....#..^# .#. h
.?###..†#....# .... ..
...^.......#
....#..#.#.## .... .
.###


You could see the friendly Xochitl the hexer, an emperor scorpion, a sphinx
(summoned), 4 hogs, a jumping spider, a tarantella (ally target) and a friendly
orange demon (summoned).

Vanquished Creatures
  Jorgrun (Orc:1)
  3 orc warlords
  The ghost of kingofthe the Nimble, a journeyman DECj of Sif Muna (Orc:2)
  An ettin (Orc:1)
  A fire dragon (Lair:5)
  Josephine (Lair:2)
  A yaktaur captain (D:11)
  A rakshasa (D:15)
  6 hydras
  6 two-headed ogres
  5 centaur warriors
  3 boulder beetles
  2 tengu warriors (D:14)
  3 death yaks
  An orc high priest (Orc:2)
  Sonja (Lair:4)
  A skyshark (Lair:5)
  3 skeletal warriors
  An orb spider (Spider:1)
  2 orc knights (Orc:2)
  5 deep elf pyromancers
  A wizard (D:14)
  2 manticores
  A salamander (D:15)
  2 orc sorcerers (Orc:2)
  A merfolk siren (Lair:3)
  4 cyclopes
  6 ugly things
  Joseph (Lair:1)
  2 elephants (Lair:2)
  2 black mambas
  2 gargoyles
  A demonic crawler (Spider:1)
  An unseen horror (D:8)
  A torpor snail (Lair:3)
  3 cane toads (Lair:5)
  3 komodo dragons
  2 kobold demonologists
  A tengu conjurer (D:14)
  4 yaktaurs (D:15)
  2 freezing wraiths
  9 rime drakes
  6 trolls
  3 hornets (Lair:5)
  5 polar bears
  2 tarantellas (Spider:1)
  12 blink frogs
  A tarantella (shapeshifter) (D:15)
  3 dream sheep (Lair:5)
  3 slime creatures
  A jumping spider (Lair:2)
  2 culicivoras
  11 spriggans (Lair:5)
  5 wraiths
  Eustachio (D:6)
  A vampire (D:14)
  3 wyverns
  A basilisk (Lair:5)
  29 yaks
  A hog (Spider:1)
  7 redbacks
  7 vampire mosquitoes
  11 steam dragons
  A warg (Orc:1)
  2 acid dragons
  12 water moccasins
  27 orc warriors
  13 ogres
  2 ice beasts
  7 boggarts
  3 black bears
  15 wolves
  15 centaurs
  A kobold brigand (D:6)
  Blork the orc (D:6)
  8 bullfrogs
  A necrophage (D:5)
  4 scorpions
  3 hexers
  7 wights
  3 troll zombies (D:11)
  2 lindwurm simulacra (IceCv)
  3 killer bees (D:9)
  4 howler monkeys
  2 electric eels (Lair:1)
  3 komodo dragon simulacra (IceCv)
  8 orc priests
  2 hounds
  4 jellies
  11 orc wizards
  4 ogre zombies (D:11)
  7 gnolls
  3 acid dragon simulacra (IceCv)
  11 adders
  8 white imps (Lair:1)
  9 steam dragon simulacra (IceCv)
  A worm (D:3)
  A dart slug (D:1)
  58 orcs
  2 bat skeletons (D:11)
  3 bat zombies (D:11)
  4 endoplasms
  5 giant cockroaches
  6 goblins
  5 hobgoblins
  A quokka (D:1)
  9 ball pythons
  5 bats
  3 frilled lizards
  3 goblin zombies (D:11)
  2 hobgoblin skeletons (D:11)
  6 hobgoblin zombies (D:11)
  13 kobolds
  An orc skeleton (D:11)
  4 orc zombies (D:11)
  4 rats (D:1)
557 creatures vanquished.

Vanquished Creatures (collateral kills)
  Aizul (Lair:2)
  An ironbound preserver (D:14)
  A white draconian (IceCv)
  Snorg (D:12)
  An entropy weaver (D:9)
  Erolcha (D:10)
  2 centaur warriors
  An ogre mage (D:15)
  A death knight (D:14)
  A boulder beetle (D:10)
  2 two-headed ogres
  3 death yaks (Lair:4)
  Urug (Lair:2)
  2 spriggans (Lair:5)
  A fire crab (shapeshifter) (D:15)
  A skeletal warrior (D:15)
  Lodul (D:14)
  A sun moth (Spider:1)
  3 orc knights (Orc:2)
  2 wolf spiders (Spider:1)
  A mana viper (shapeshifter) (D:10)
  2 cyclopes
  2 orc sorcerers (Orc:2)
  An ugly thing (D:14)
  A deep elf pyromancer (D:13)
  An elephant (Lair:2)
  A moth of wrath (shapeshifter) (D:13)
  2 ice statues (IceCv)
  2 black mambas
  2 cane toads
  A gargoyle (D:11)
  A torpor snail (Lair:4)
  4 rime drakes
  3 komodo dragons
  An unseen horror (D:11)
  An efreet (D:11)
  A kobold demonologist (D:11)
  4 trolls
  2 polar bears
  3 hornets
  A tarantella (Spider:1)
  4 dream sheep (Lair:5)
  5 blink frogs
  3 culicivoras
  3 wraiths
  A vampire (D:14)
  2 wyverns (Lair:5)
  11 yaks
  3 shadows
  3 steam dragons
  A vampire mosquito (D:14)
  4 redbacks (Spider:1)
  An acid dragon (D:11)
  2 wargs (Orc:2)
  A water moccasin (Lair:1)
  5 orc warriors
  3 ogres
  A black bear (Lair:2)
  A sky beast (D:7)
  A boggart (Lair:5)
  7 wolves
  2 kobold brigands (D:7)
  A wight (D:9)
  A lindwurm simulacrum (IceCv)
  4 killer bees (D:9)
  2 vampire bats (D:11)
  2 howler monkeys (D:10)
  A komodo dragon simulacrum (IceCv)
  5 orc priests
  A gnoll bouda (Orc:1)
  6 orc wizards
  An ogre zombie (D:11)
  A gnoll (Orc:1)
  An acid dragon simulacrum (IceCv)
  4 white imps (Lair:1)
  A steam dragon simulacrum (IceCv)
  A worm (D:2)
  10 orcs
  2 goblins (D:2)
  3 kobolds
  2 goblin skeletons (D:11)
  A goblin zombie (D:11)
  6 orc zombies (D:11)
  2 rats (D:2)
187 creatures vanquished.

Vanquished Creatures (others)
  A stone giant (D:11)
  Nessos (Lair:4)
  A centaur warrior (D:14)
  A centaur zombie (D:8)
  2 rime drakes (Lair:5)
  A vampire mosquito (D:11)
  29 hexers
  27 fungi
  34 plants
97 creatures vanquished.

Grand Total: 841 creatures vanquished

Notes
Turn   | Place    | Note
-------+----------+-------------------------------------------
     0 | D:1      | ryw the Demonspawn Monk began the quest for the Orb.
     0 | D:1      | Reached XP level 1. HP: 18/18 MP: 1/1
   275 | D:1      | Gained mutation: A weak demonic guardian rushes to your
                  | aid. [demonic ancestry]
   275 | D:1      | Reached XP level 2. HP: 24/24 MP: 2/2
   632 | D:1      | Reached XP level 3. HP: 23/29 MP: 3/3
  1033 | D:2      | Reached skill level 1 in Shields
  1298 | D:2      | Found a faded altar of an unknown god.
  1780 | D:3      | Found Duapriof's Antique Armour Shoppe.
  1796 | D:3      | Gained mutation: Spells you cast may paralyse adjacent
                  | enemies. [demonic ancestry]
  1796 | D:3      | Reached XP level 4. HP: 37/37 MP: 4/4
  1825 | D:3      | Bought a pair of boots for 85 gold pieces
  1988 | D:3      | Found Amiz's General Store.
  2003 | D:3      | Found Mawoqaut's Distillery.
  2175 | D:3      | You fall into a shaft and drop 2 floors!
  2175 | D:5      | Entered Level 5 of the Dungeon
  2185 | D:5      | Noticed a scorpion
  2874 | D:4      | Found Bourpho's Armour Shoppe.
  2880 | D:4      | Gained mutation: You are partially covered in slimy green
                  | scales. (AC +2) [demonic ancestry]
  2880 | D:4      | Reached XP level 5. HP: 41/42 MP: 5/5
  2912 | D:4      | Learned a level 1 spell: Summon Small Mammal
  3042 | D:4      | Noticed an ice beast
  3108 | D:4      | Killed an ice beast
  3109 | D:4      | Reached skill level 1 in Spellcasting
  3109 | D:4      | Reached skill level 1 in Summonings
  3300 | D:4      | Gained mutation: Spells you cast may paralyse nearby
                  | enemies. [demonic ancestry]
  3300 | D:4      | Reached XP level 6. HP: 49/49 MP: 7/7
  3485 | D:5      | Found a staircase to the Ecumenical Temple.
  3497 | Temple   | Entered the Ecumenical Temple
  3700 | D:5      | Reached skill level 5 in Fighting
  3700 | D:5      | Gained mutation: Spells you cast and wands you use may
                  | paralyse nearby enemies. [demonic ancestry]
  3700 | D:5      | Reached XP level 7. HP: 56/56 MP: 9/9
  3950 | D:5      | Found a blossoming altar of Fedhas.
  4296 | D:6      | Found a faded altar of an unknown god.
  4296 | D:6      | Noticed Blork the orc
  4298 | D:6      | Found a hazy altar of Hepliaklqana.
  4302 | D:6      | Killed Blork the orc
  4484 | D:6      | Found Cedicwacs's Book Shoppe.
  4583 | D:6      | Identified the +7 mace of Qibleoma {chaos, MP+9}
  4585 | Abyss:2  | Cast into level 2 of the Abyss (unwielding a weapon of
                  | distortion)
  4657 | Abyss:2  | Noticed an ancient zyme
  5132 | Abyss:2  | Noticed a lich
  5135 | D:6      | Escaped the Abyss
  5154 | D:6      | Reached skill level 5 in Dodging
  5154 | D:6      | Reached XP level 8. HP: 31/63 MP: 12/12
  5307 | D:6      | Noticed Eustachio
  5343 | D:6      | Killed Eustachio
  5344 | D:6      | Reached skill level 1 in Maces & Flails
  5443 | D:6      | Found a hide-covered altar of Uskayaw.
  5634 | D:3      | Bought a steaming ring mail for 171 gold pieces
  5634 | D:3      | Identified the +5 ring mail of Irchaxiti {Stlth+} (You
                  | bought it in a shop on level 3 of the Dungeon)
  5908 | D:7      | Found Tuaqiget's General Store.
  5958 | D:7      | Found a shimmering altar of Xom.
  5959 | D:7      | Noticed a slime creature
  5974 | D:7      | Killed a slime creature
  6246 | D:7      | Reached skill level 1 in Armour
  6260 | D:7      | Learned a level 3 spell: Call Canine Familiar
  6333 | D:7      | Found a bloodstained altar of Trog.
  6333 | D:7      | Noticed a slime creature
  6347 | D:7      | Killed a slime creature
  6517 | D:7      | Reached XP level 9. HP: 43/69 MP: 14/14
  7317 | D:8      | Found a burning altar of Makhleb.
  7382 | D:8      | Found a sacrificial altar of Ru.
  7804 | D:8      | Reached skill level 5 in Shields
  7875 | D:8      | Reached skill level 5 in Summonings
  7878 | D:8      | Noticed a kobold demonologist
  7883 | D:8      | Reached skill level 5 in Maces & Flails
  7888 | D:8      | Noticed a sun demon
  7891 | D:8      | HP: 2/71 [sun demon[a kobold demonologist] (7)]
  7895 | D:8      | Noticed an orange demon
  7895 | D:8      | Identified the +9 sling of Lust {speed, rElec rF+ Dex+2}
  7895 | D:8      | Noticed a centaur warrior
  7895 | D:8      | Noticed a boulder beetle
  7895 | D:8      | Noticed a four-headed hydra
  8051 | D:8      | Found an ornate altar of the Wu Jian Council.
  8060 | D:8      | Gained mutation: A demonic guardian rushes to your aid.
                  | [demonic ancestry]
  8060 | D:8      | Reached XP level 10. HP: 77/77 MP: 16/16
  8908 | D:8      | Killed a four-headed hydra
  9256 | D:8      | Killed a boulder beetle
  9257 | D:8      | Reached skill level 5 in Spellcasting
  9363 | D:8      | Killed a centaur warrior
  9529 | D:8      | Found the +9 staff of Olgreb {rPois∞}
  9534 | D:8      | Got the Cyclopedia of the Queen Bee and Heat
  9723 | D:8      | Reached skill level 1 in Ranged Weapons
  9997 | D:6      | Became a worshipper of Hepliaklqana the Forgotten
  9997 | D:6      | Reached * piety under Hepliaklqana
  9997 | D:6      | Reached ** piety under Hepliaklqana
  9998 | D:6      | Remembered your ancestor Xochitl as a hexer
 10143 | D:9      | Reached skill level 2 in Ranged Weapons
 10263 | D:9      | Found a staircase to the Lair.
 10270 | D:9      | a troll changed into an entropy weaver
 10270 | D:9      | Noticed an entropy weaver
 10291 | D:9      | Killed an entropy weaver
 10292 | D:9      | Reached skill level 3 in Ranged Weapons
 10292 | D:9      | Gained mutation: You have a pair of small horns on your
                  | head. [demonic ancestry]
 10292 | D:9      | Reached XP level 11. HP: 25/77 MP: 18/18
 11371 | D:10     | Entered Level 10 of the Dungeon
 11373 | D:10     | a howler monkey changed into a glowing shapeshifter
 11373 | D:10     | Noticed a glowing shapeshifter (glowing shapeshifter)
 11373 | D:10     | a glowing shapeshifter changed into a mana viper
 11373 | D:10     | Noticed a mana viper (glowing shapeshifter)
 11374 | D:10     | Killed a mana viper
 11385 | D:10     | Noticed a brown ugly thing
 11391 | D:10     | Killed a brown ugly thing
 11395 | D:10     | Reached skill level 4 in Ranged Weapons
 11395 | D:10     | Reached skill level 5 in Armour
 11401 | D:10     | Noticed a boulder beetle
 11461 | D:10     | Identified the +4 rapier of the Tired Invaders {elec,
                  | +Blink rC- rCorr Int+4}
 11663 | D:10     | Noticed Erolcha
 11795 | D:10     | Killed Erolcha
 11807 | D:10     | Killed a boulder beetle
 11826 | D:10     | Noticed a deep elf pyromancer
 12073 | D:10     | Killed a deep elf pyromancer
 12330 | D:11     | Noticed a boulder beetle
 12364 | D:11     | Killed a boulder beetle
 12365 | D:11     | Reached skill level 5 in Ranged Weapons
 12524 | D:11     | Noticed a two-headed ogre
 12938 | D:11     | Reached *** piety under Hepliaklqana
 12938 | D:11     | Found an ancient bone altar of Kikubaaqudgha.
 13219 | D:11     | Found a staircase to the Orcish Mines.
 13315 | D:11     | Killed a two-headed ogre
 13316 | D:11     | Reached XP level 12. HP: 78/84 MP: 19/19
 13729 | D:11     | Noticed a stone giant
 13730 | D:11     | Noticed a yaktaur captain
 13735 | D:11     | HP: 2/84 [efreet/fireball (21)]
 13737 | D:11     | Killed a stone giant
 14027 | D:11     | Reached skill level 6 in Ranged Weapons
 14039 | D:11     | Killed a yaktaur captain
 14226 | D:12     | Noticed a boulder beetle
 14304 | D:12     | Killed a boulder beetle
 14357 | D:12     | Noticed a two-headed ogre
 14368 | D:12     | Killed a two-headed ogre
 14582 | D:12     | Noticed a centaur warrior
 14591 | D:12     | Killed a centaur warrior
 14714 | D:12     | Noticed Snorg
 14728 | D:12     | Killed Snorg
 14737 | D:12     | Reached skill level 7 in Ranged Weapons
 14995 | D:12     | Found a sparkling altar of Nemelex Xobeh.
 15093 | D:13     | Reached **** piety under Hepliaklqana
 15190 | Lair:1   | Entered Level 1 of the Lair of Beasts
 15246 | Lair:1   | Found a frozen archway.
 15308 | IceCv    | Entered an ice cave
 15831 | IceCv    | Noticed a white draconian
 15859 | IceCv    | Killed a white draconian
 16283 | Lair:1   | Noticed Joseph
 16288 | Lair:1   | Killed Joseph
 16466 | D:4      | Bought the +3 pair of gloves of Gicokogg {Str+4 Dex+4
                  | Slay+2} for 723 gold pieces
 16631 | Lair:1   | Reached XP level 13. HP: 90/90 MP: 20/20
 17619 | Lair:2   | Reached skill level 8 in Ranged Weapons
 17895 | Lair:2   | Found a hole to the Spider Nest.
 18028 | Lair:2   | Reached ***** piety under Hepliaklqana
 18036 | Lair:2   | Noticed Urug
 18048 | Lair:2   | Killed Urug
 18258 | Lair:3   | Noticed Josephine
 18275 | Lair:2   | Killed Josephine
 18287 | Lair:2   | Reached skill level 10 in Fighting
 18640 | Lair:3   | Reached skill level 10 in Shields
 18926 | Lair:3   | Found a staircase to the Shoals.
 19130 | Lair:4   | Noticed Sonja
 19135 | Lair:4   | Killed Sonja
 19256 | Lair:4   | Noticed Nessos
 19581 | Lair:4   | Reached skill level 9 in Ranged Weapons
 19713 | Lair:4   | Killed Nessos
 20211 | D:7      | Bought 2 potions of heal wounds for 120 gold pieces
 20211 | D:7      | Bought a potion of heal wounds for 60 gold pieces
 20318 | D:3      | Bought a potion of curing for 36 gold pieces
 20318 | D:3      | Bought a potion of heal wounds for 60 gold pieces
 20318 | D:3      | Bought a potion of curing for 36 gold pieces
 20659 | Lair:5   | Entered Level 5 of the Lair of Beasts
 20751 | Lair:5   | Reached XP level 14. HP: 99/99 MP: 21/21
 21055 | Lair:5   | Reached skill level 10 in Ranged Weapons
 21845 | Lair:5   | Reached skill level 10 in Maces & Flails
 21855 | Lair:5   | Found a viscous altar of Jiyva.
 21856 | Lair:5   | Found a staircase to the Slime Pits.
 22848 | Orc:1    | Entered Level 1 of the Orcish Mines
 23013 | Orc:2    | Entered Level 2 of the Orcish Mines
 23049 | Orc:1    | Reached skill level 11 in Ranged Weapons
 23201 | Orc:2    | Noticed Jorgrun
 23300 | Orc:1    | Killed Jorgrun
 23645 | Orc:2    | Found a staircase to the Elven Halls.
 23661 | Orc:2    | Noticed an orc warlord
 23777 | Orc:2    | Found a runed translucent gate.
 23777 | Orc:2    | Found a runed translucent gate.
 23777 | Orc:2    | Found a runed translucent gate.
 23908 | Orc:1    | Found Ibrin's Jewellery Shoppe.
 23988 | Orc:2    | Noticed kingofthe's ghost (journeyman DECj)
 24010 | Orc:2    | Found Wairigel's Jewellery Shoppe.
 24210 | Orc:2    | Noticed an orc warlord
 24291 | Orc:1    | Killed an orc warlord
 24468 | Orc:2    | Found Dyes's Antique Armour Shoppe.
 24470 | Orc:2    | Bought an embroidered cloak for 300 gold pieces
 24498 | Orc:2    | Killed kingofthe's ghost
 24499 | Orc:2    | Gained mutation: You are mostly covered in slimy green
                  | scales. (AC +3) [demonic ancestry]
 24499 | Orc:2    | Reached XP level 15. HP: 89/107 MP: 22/22
 25178 | Orc:2    | Found Vidar's General Store.
 25327 | Orc:2    | Found Tubuh's Antique Weapon Shoppe.
 26215 | D:13     | Identified the +8 chain mail "Tiepi" {rN++ Regen+ Str+3
                  | SInv}
 26317 | D:13     | Reached ****** piety under Hepliaklqana
 26380 | D:14     | Reached skill level 12 in Ranged Weapons
 26401 | D:14     | Identified the +3 rapier of Lovvehed {flame, rPois rF- MP+9
                  | Dex+6}
 26442 | D:14     | Found a gate to the Vaults.
 26644 | D:14     | Noticed Lodul
 26656 | D:14     | Killed Lodul
 27336 | D:15     | Entered Level 15 of the Dungeon
 27336 | D:15     | Found a blossoming altar of Fedhas.
 27484 | D:15     | Found a runed translucent door.
 27486 | D:15     | Found a shimmering altar of Xom.
 27486 | D:15     | Noticed Notaij's ghost (journeyman DrEE)
 27649 | D:15     | Found Yzoerhim's Antique Armour Boutique.
 27652 | D:15     | Bought a pair of steaming boots for 266 gold pieces
 27652 | D:15     | Identified the +1 pair of boots "Igoifala" {Dex+3} (You
                  | bought it in a shop on level 15 of the Dungeon)
 27843 | D:15     | Found a staircase to the Depths.
 28055 | D:15     | Reached skill level 10 in Armour
 28406 | Spider:1 | Entered Level 1 of the Spider Nest
 28406 | Spider:1 | Noticed Aizul
 28430 | Lair:2   | Killed Aizul
 28497 | Spider:1 | Gained mutation: You have a pair of horns on your head.
                  | [demonic ancestry]
 28497 | Spider:1 | Reached XP level 16. HP: 76/116 MP: 23/23
 28546 | Spider:1 | Reached skill level 13 in Ranged Weapons
 28649 | Spider:1 | Noticed Kirke
 28700 | Spider:1 | Mangled by an emperor scorpion

Illustrated notes

Levels and vault maps discovered:
D:1:      amcnicky_arrival_blooded_trapdoor, layout_rooms, serial_glass,
          glass_columns_c, glass_columns_a
D:2:      layout_loops_ring, hellmonk_ecumenical_altar_inner_sanctum,
          basic_altar, st_stairs_11
D:3:      layout_basic, serial_shops, shop,
          nicolae_shop_temple_entry_statues_fountains, shop
D:4:      minmay_chambers_of_fours, layout_basic, serial_shops, shop_fountains
D:5:      layout_cave_pools, mainiacjoe_overflow_boulevard,
          minmay_temple_entry_stoned_glass, portal_sewer_entry_d
D:6:      layout_loops_ring, beargit_hepliaklqana_dungeon_heroes,
          nicolae_uskayaw_murder_on_the_dancefloor, serial_shops, shop,
          uniq_eustachio
D:7:      layout_loops_corners, serial_shops, nicolae_shop_advertising_works
          [nicolae_subvault_shop_adworks], hangedman_feature_mirror,
          minmay_misc_feat_columns
D:8:      minmay_the_grid_octo_2x2 [minmay_the_grid_octo_toaster,
          minmay_the_grid_octo_chip, minmay_the_grid_octo_clover,
          minmay_the_grid_octo_prize_square_snowflake], layout_basic,
          bloody_makhleb, nicolae_ru_great_annihilating_truth,
          marbit_many_paths, minmay_fountain_box
D:9:      layout_small_grid, david_lair_shrubbed
D:10:     layout_basic, lemuel_crystal_altar, minmay_radiant, uniq_erolcha
D:11:     nzn_winding_woodlands_cross [nzn_winding_woodlands_5x15_default,
          nzn_winding_woodlands_5x15_split_checker,
          nzn_winding_woodlands_5x15_garden,
          nzn_winding_woodlands_5x15_lazy_stream,
          nzn_winding_woodlands_15x15_boxy_spiral], layout_irregular_city,
          zombieorc2_lemuel, serial_column_ruins, column_ruins_courtyard_long,
          column_ruins_open_small, column_ruins_open_medium,
          column_ruins_grid_1, column_ruins_grid_4,
          column_ruins_columns_straight, column_ruins_corridor_straight,
          kennysheep_vampire_church
D:12:     layout_rooms, nrook_uturn, nemelex_lonely_heart_becter, uniq_snorg
D:13:     layout_roguey
D:14:     layout_stronghold, skrybe_vaults_entry_preservation, uniq_lodul
D:15:     hangedman_depths_entry_try_elsewhere_first, layout_irregular_city,
          serial_shops, nicolae_shop_behind_doors, fedhas_altar_2,
          ebering_ghost_xom
Temple:   eino_wide_crystal_templ
Lair:1:   layout_cave_pods, portal_ice_cave_entry_imps, grunt_megastairs_1,
          serial_bayou_shore_a, uniq_joseph
Lair:2:   layout_big_grid, spider_nest_entry_funnel_web, serial_bayou_lagoon_a,
          uniq_urug
Lair:3:   layout_chaotic_city, minmay_shoals_entry_lonely_mermaid,
          uniq_josephine
Lair:4:   layout_roguey, kilobyte_rumbling_trees, uniq_nessos, uniq_sonja
Lair:5:   minmay_lair_end_enchanted_forest, layout_loops_ring,
          dpeg_slime_entry_enclosed, bobbens_dragon_lair_wall
Spider:1: spiders_nest_a, uniq_aizul, uniq_kirke, uniq_donald
Orc:1:    layout_diamond_mine, serial_shops, shop, minmay_orc_temple_a
Orc:2:    grunt_orc_cross, layout_diamond_mine, ebering_ghost_rock_garden,
          uniq_jorgrun

Skill      XL: |  1  2  3  4  5  6  7  8  9 10 11 12 13 14 15 16 |
---------------+-------------------------------------------------+-----
Dodging        | 3 4 5 6 |  6.0
Shields        | 1 2 3 4 5 6 7 9 10 11 | 11.3
Fighting       | 4 5 6 8 9 10 11 12 | 12.5
Spellcasting   | 1 2 3 4 5 |  5.0
Summonings     | 1 2 3 4 5 6 7 8 |  8.0
Maces & Flails | 3 5 6 7 8 9 10 11 | 11.3
Armour         | 1 3 4 5 6 7 9 10 | 10.0
Ranged Weapons | 3 5 7 9 11 12 13 | 13.0
Stealth        | |  1.7
Unarmed Combat | |  2.6

Action                     |  1- 3 |  4- 6 |  7- 9 | 10-12 | 13-15 | 16-18 || total
---------------------------+-------+-------+-------+-------+-------+-------++-------
  Melee: Unarmed           |   151 |       |       |       |       |     5 ||   156
         Punch             |     1 |       |       |       |       |       ||     1
         Spear             |    15 |    93 |    62 |       |       |       ||   170
         Mace              |       |       |   227 |   486 |     7 |       ||   720
         Headbutt          |       |       |       |    99 |     1 |       ||   100
         Sling             |       |       |       |       |     2 |       ||     2
   Fire: Sling             |       |       |       |    77 |  1991 |    57 ||  2125
  Throw: Dart              |       |     5 |     5 |    13 |       |       ||    23
         Javelin           |       |       |     2 |     4 |       |       ||     6
   Cast: Summon Small Mamm |       |       |       |     6 |     1 |       ||     7
         Call Canine Famil |       |       |       |     5 |       |       ||     5
 Invoke: Ancestor Life: He |       |       |       |     1 |       |       ||     1
         Recall Ancestor   |       |       |       |     8 |     6 |       ||    14
    Use: Potion            |     2 |     1 |     2 |     4 |     1 |       ||    10
         Scroll            |       |     8 |     6 |    16 |    11 |       ||    41
   Stab: Sleeping          |     4 |     6 |     4 |     2 |       |       ||    16
         Distracted        |       |       |     1 |     5 |       |       ||     6
         Confused          |       |       |       |    20 |       |       ||    20
         Paralysed         |       |       |       |     8 |       |       ||     8
 Armour: Robe              |    32 |     7 |    16 |       |       |       ||    55
         Ring mail         |       |       |    83 |   233 |   148 |       ||   464
         Chain mail        |       |       |       |       |    53 |     8 ||    61
  Dodge: Dodged            |    91 |    20 |    98 |   187 |   294 |    38 ||   728
  Block: Kite shield       |    31 |    26 |   222 |   407 |   841 |    43 ||  1570
         Reflection        |       |       |     9 |    29 |    54 |       ||    92

Table legend: (Time is in decaauts)
 A = Elapsed time spent in this place.
 B = Non-inter-level travel time spent in this place.
 C = Inter-level travel time spent in this place.
 D = Time resting spent in this place.
 E = Time spent auto-exploring this place.
 F = Levels seen in this place.
 G = Mean time per level.
                   A        B        C        D        E       F      G
               +--------+--------+--------+--------+--------+-----+--------+
         Total |  28571 |  26031 |   2540 |   5066 |  14705 |  26 | 1098.9 |
       Dungeon |  18203 |  16357 |   1846 |   2828 |   9734 |  15 | 1213.5 |
        Temple |     72 |     51 |     21 |      0 |     40 |   1 |   72.0 |
          Lair |   6012 |   5486 |    526 |    496 |   3752 |   5 | 1202.4 |
   Spider Nest |    201 |    201 |      0 |     33 |     33 |   1 |  201.0 |
  Orcish Mines |   2578 |   2432 |    146 |    883 |    869 |   2 | 1289.0 |
         Abyss |    549 |    549 |      0 |    435 |      0 |   1 |  549.0 |
      Ice Cave |    953 |    953 |      0 |    391 |    276 |   1 |  953.0 |
               +--------+--------+--------+--------+--------+-----+--------+

Top non-repeatable levels by time:
     D:8: 2716 daAuts
    D:11: 2066 daAuts
     D:9: 1689 daAuts
  Lair:5: 1656 daAuts
     D:7: 1613 daAuts
   Orc:2: 1543 daAuts
     D:6: 1387 daAuts
  Lair:4: 1263 daAuts
  Lair:1: 1197 daAuts
     D:4: 1062 daAuts
   Orc:1: 1035 daAuts
    D:10: 995 daAuts
  Lair:3: 991 daAuts
    D:14: 981 daAuts
     D:3: 978 daAuts
